VEGAS vs CAROLINA

Created - March-08-18 at 22:42

Goals
1 2 3 T
VEGAS 3 3 0 6
CAROLINA 1 0 0 1
Shots
1 2 3 T
VEGAS 13 9 8 30
CAROLINA 7 10 12 29

1st period

1. VEGAS , Jason Zucker 13 (Brendan Gallagher 16, Tyler Ennis 8) at 4:10
2. VEGAS , Andrew Cogliano 21 (Tomas Tatar 23) at 4:16
3. VEGAS , Alex Goligoski 14 (Craig Smith 18) at 5:24 (PP)
4. CAROLINA , Vladimir Tarasenko 31 (Shea Weber 30) at 9:58 (PP)

Penalties :
Shea Weber (CAR) for Hooking (Minor) at 4:58, Luke Schenn (CAR) for Goalie Interference (Minor) at 7:47, Brendan Gallagher (VGK) for Roughing (Double Minor) at 9:48, Patrice Bergeron (CAR) for Interference (Minor) at 15:55, Trevor van Riemsdyk (VGK) for Slashing (Minor) at 15:55, Boone Jenner (VGK) for Tripping (Minor) at 18:15

2nd period

5. VEGAS , Marco Scandella 3 (Boone Jenner 29, Brock Nelson 34) at 5:30
6. VEGAS , Boone Jenner 19 (Jordan Martinook 16, Brock Nelson 35) at 10:04
7. VEGAS , Alex Goligoski 15 (Andrew Cogliano 20, Andy Greene 10) at 14:59 (PP)

Penalties :
Shea Weber (CAR) for Hooking (Minor) at 6:38, Thomas Hickey (CAR) for Roughing (Minor) at 13:01

3rd period

No Goal

Penalties :
Boone Jenner (VGK) for Hooking (Minor) at 1:05, Alex Goligoski (VGK) for Holding (Minor) at 9:46, Patrice Bergeron (CAR) for Hooking (Minor) at 16:59

Goalie Stats

Tristan Jarry (VGK), 28 saves from 29 shots - (0.966), W, 4-6-2, 60:00 minutes
Sergei Bobrovsky (CAR), 24 saves from 30 shots - (0.800), L, 39-9-6, 60:00 minutes

Players Stats for VEGAS

Player Name              G  A  P  +/- PIM S  H  SB GA TA FO     MP     PP MP  PK MP  
------------------------------------------------------------------------------------
Alex Goligoski           2  0  2   2  2   5  2  0  0  0  0/0    24:03   4:19   3:25 
Andrew Cogliano          1  1  2   1  0   4  2  0  0  0  2/5    24:15   4:31   4:53 
Andy Greene              0  1  1   2  0   4  0  1  0  0  0/0    21:58   4:19   4:32 
Barclay Goodrow          0  0  0   0  0   0  0  0  0  0  0/0     2:30   0:00   0:00 
Boone Jenner             1  1  2   2  4   1  7  0  0  0  10/28  20:32   3:50   2:32 
Brendan Gallagher        0  1  1   1  4   3  3  0  0  0  3/4    14:50   0:00   0:00 
Brian Campbell           0  0  0   1  0   1  1  1  0  0  0/0    20:57   4:02   3:34 
Brock Nelson             0  2  2   2  0   2  0  1  0  0  2/4    20:43   3:50   1:52 
Craig Smith              0  1  1   1  0   0  0  0  0  0  9/19   15:42   4:31   0:00 
Jason Zucker             1  0  1   1  0   4  0  0  0  0  0/4    16:18   0:00   2:37 
Jon Merrill              0  0  0   0  0   0  0  0  0  0  0/0     3:13   0:00   0:00 
Jordan Martinook         0  1  1   2  0   0  0  0  0  0  0/1    18:02   3:50   0:00 
Marco Scandella          1  0  1   1  0   2  2  0  0  0  0/0    14:59   0:00   1:07 
Mats Zuccarello          0  0  0   0  0   0  0  0  0  0  0/0     0:00   0:00   0:00 
Mikkel Boedker           0  0  0   0  0   0  0  0  0  0  0/0     3:48   0:00   1:18 
Nikita Zadorov           0  0  0   1  0   1  2  2  0  0  0/0    20:57   4:02   3:34 
Tomas Tatar              0  1  1   1  0   2  0  0  0  0  1/2    18:23   4:31   1:52 
Trevor van Riemsdyk      0  0  0   1  2   0  3  0  0  0  0/0    13:51   0:00   0:00 
Tyler Ennis              0  1  1   1  0   1  0  0  0  0  4/10   14:49   0:00   1:08 
Ville Pokka              0  0  0   0  0   0  0  0  0  0  0/0     0:00   0:00   0:00 

Players Stats for CAROLINA

Player Name              G  A  P  +/- PIM S  H  SB GA TA FO     MP     PP MP  PK MP  
------------------------------------------------------------------------------------
Alexander Steen          0  0  0   0  0   3  1  1  0  0  1/2    22:48   5:10   3:46 
Antoine Roussel          0  0  0  -2  0   2  3  0  0  0  1/1    12:11   0:00   0:00 
Blake Comeau             0  0  0   0  0   0  0  1  0  0  0/0     3:04   0:00   0:00 
Brent Burns              0  0  0  -1  0   0  1  0  0  0  0/0    25:44   5:35   3:32 
Claude Giroux            0  0  0  -2  0   4  1  1  0  0  16/21  18:27   2:43   2:18 
Luke Schenn              0  0  0  -1  2   1  2  1  0  0  0/0    19:51   2:31   3:54 
Matt Nieto               0  0  0   0  0   0  0  0  0  0  0/0     3:07   0:00   0:03 
Michael Cammalleri       0  0  0  -2  0   0  0  0  0  0  5/9    13:23   0:13   0:44 
Michael Grabner          0  0  0  -2  0   4  0  0  0  0  1/1    16:22   2:56   0:00 
Patrice Bergeron         0  0  0   0  4   3  2  2  0  0  14/22  22:26   5:10   3:40 
Paul Martin              0  0  0  -2  0   0  1  1  0  0  0/0    13:29   0:00   0:00 
Scottie Upshall          0  0  0  -2  0   0  2  0  0  0  0/0    11:26   0:00   0:00 
Shayne Gostisbehere      0  0  0  -1  0   0  0  4  0  0  0/0    21:13   2:31   5:15 
Shea Weber               0  1  1  -1  4   2  2  3  0  0  0/0    24:30   5:35   2:20 
Thomas Hickey            0  0  0  -2  2   1  0  2  0  0  0/0    15:09   0:00   1:41 
Torrey Mitchell          0  0  0   0  0   0  0  0  0  0  4/6     5:08   0:00   1:19 
Vladimir Tarasenko       1  0  1   0  0   7  0  0  0  0  4/14   24:54   5:10   4:52 
Zach Parise              0  0  0  -2  0   2  1  0  0  0  0/1    16:22   2:56   0:00 

3 Stars

1 - Alex Goligoski (VGK)
2 - Boone Jenner (VGK)
3 - Andrew Cogliano (VGK)

Power Play

VEGAS - 2 on 5 Attempt(s) - 40.00%
CAROLINA - 1 on 5 Attempt(s) - 20.00%

Penalty Kill

VEGAS - 4 on 5 Attempt(s) - 80.00% - Score 0 goal in Penalty Kill
CAROLINA - 3 on 5 Attempt(s) - 60.00% - Score 0 goal in Penalty Kill

Team Stat

VEGAS - Hits : 22 - Faceoff Wins : 31 - Blocked Shots : 5 - Penalty Minutes : 12
CAROLINA - Hits : 16 - Faceoff Wins : 46 - Blocked Shots : 16 - Penalty Minutes : 12

Official

Referees : Unknown
Linesman : Unknown

Game Notes

No Game Note

Finance

Level 1 -- Attendance: 3994 (66.57%) -- Ticket Income $399,400
Level 2 -- Attendance: 3969 (79.38%) -- Ticket Income $238,140
Level 3 -- Attendance: 1943 (97.15%) -- Ticket Income $68,005
Level 4 -- Attendance: 3816 (95.40%) -- Ticket Income $76,320
Luxury Box -- Attendance: 667 (66.70%) -- Ticket Income $133,400
Game was played at the PNC Center.
Total Attendance: 14389 (79.94%)
Total Ticket Income: $915,265
Total Income: $915,265

VEGAS

5 vs 5 Forward 
   Center                   Left Wing                Right Wing               Time % Phy DF OF 
 1 Boone Jenner             Jordan Martinook         Brock Nelson             35     1   2  2  
 2 Craig Smith              Andrew Cogliano          Tomas Tatar              30     1   2  2  
 3 Tyler Ennis              Jason Zucker             Brendan Gallagher        25     1   2  2  
 4 Andrew Cogliano          Mikkel Boedker           Barclay Goodrow          10     1   2  2  

5 vs 5 Defense 
   Defense                  Defense                                           Time % Phy DF OF 
 1 Alex Goligoski           Andy Greene                                       35     1   2  2  
 2 Nikita Zadorov           Brian Campbell                                    30     1   2  2  
 3 Trevor van Riemsdyk      Marco Scandella                                   25     1   2  2  
 4 Jon Merrill              Alex Goligoski                                    10     1   2  2  

PowerPlay Forward 
   Center                   Left Wing                Right Wing               Time % Phy DF OF 
 1 Boone Jenner             Jordan Martinook         Brock Nelson             60     1   2  2  
 2 Craig Smith              Andrew Cogliano          Tomas Tatar              40     1   2  2  

PowerPlay Defense
   Defense                  Defense                                           Time % Phy DF OF 
 1 Alex Goligoski           Andy Greene                                       60     1   2  2  
 2 Nikita Zadorov           Brian Campbell                                    40     1   2  2  

Penalty Kill 4 Players Forward 
   Center                   Wing                     Time % Phy DF OF 
 1 Boone Jenner             Andrew Cogliano          60     1   2  2  
 2 Brock Nelson             Tomas Tatar              40     1   2  2  

Penalty Kill 4 Players Defense
   Defense                  Defense                  Time % Phy DF OF 
 1 Alex Goligoski           Andy Greene              60     1   2  2  
 2 Nikita Zadorov           Brian Campbell           40     1   2  2  

Penalty Kill - 3 Players Forward 
   Forward                                           Time % Phy DF OF 
 1 Brock Nelson                                      60     1   2  2  
 2 Andrew Cogliano                                   40     1   2  2  

Penalty Kill - 3 Players Defense
   Defense                  Defense                  Time % Phy DF OF 
 1 Alex Goligoski           Andy Greene              60     1   2  2  
 2 Nikita Zadorov           Brian Campbell           40     1   2  2  

4 vs 4 Forward 
   Center                   Wing                     Time % Phy DF OF 
 1 Brendan Gallagher        Andrew Cogliano          60     1   2  2  
 2 Brock Nelson             Tomas Tatar              40     1   2  2  

4 vs 4 Defense
   Defense                  Defense                  Time % Phy DF OF 
 1 Alex Goligoski           Andy Greene              60     1   2  2  
 2 Nikita Zadorov           Brian Campbell           40     1   2  2  

Last Minutes Offensive
   Center                   Left Wing                Right Wing               Defense                  Defense                  
   Boone Jenner             Jordan Martinook         Brock Nelson             Alex Goligoski           Andy Greene              

Last Minutes Defensive
   Center                   Left Wing                Right Wing               Defense                  Defense                  
   Boone Jenner             Jordan Martinook         Brock Nelson             Alex Goligoski           Andy Greene              

Goaltenders
Starting : Tristan Jarry            
Backup : Philipp Grubauer         

Extra Forwards
Normal : Jordan Martinook, Brendan Gallagher, Jason Zucker - PP : Jordan Martinook, Brendan Gallagher - PK : Jason Zucker
Extra Defensemen
Normal : Alex Goligoski, Marco Scandella, Jon Merrill - PP : Alex Goligoski - PK : Marco Scandella, Jon Merrill
Penalty Shots
Jordan Martinook, Andrew Cogliano, Brock Nelson, Tomas Tatar, Brendan Gallagher

Scratches
VGK Cap Hit (Healthy)

CAROLINA

5 vs 5 Forward 
   Center                   Left Wing                Right Wing               Time % Phy DF OF 
 1 Patrice Bergeron         Alexander Steen          Vladimir Tarasenko       35     1   2  2  
 2 Claude Giroux            Zach Parise              Michael Grabner          30     1   2  2  
 3 Michael Cammalleri       Antoine Roussel          Scottie Upshall          25     1   2  2  
 4 Torrey Mitchell          Matt Nieto               Blake Comeau             10     1   2  2  

5 vs 5 Defense 
   Defense                  Defense                                           Time % Phy DF OF 
 1 Shea Weber               Brent Burns                                       35     1   2  2  
 2 Luke Schenn              Shayne Gostisbehere                               30     1   2  2  
 3 Paul Martin              Thomas Hickey                                     25     1   2  2  
 4 Shea Weber               Brent Burns                                       10     1   2  2  

PowerPlay Forward 
   Center                   Left Wing                Right Wing               Time % Phy DF OF 
 1 Patrice Bergeron         Alexander Steen          Vladimir Tarasenko       60     1   2  2  
 2 Claude Giroux            Zach Parise              Michael Grabner          40     1   2  2  

PowerPlay Defense
   Defense                  Defense                                           Time % Phy DF OF 
 1 Shea Weber               Brent Burns                                       60     1   2  2  
 2 Luke Schenn              Shayne Gostisbehere                               40     1   2  2  

Penalty Kill 4 Players Forward 
   Center                   Wing                     Time % Phy DF OF 
 1 Vladimir Tarasenko       Patrice Bergeron         60     1   2  2  
 2 Claude Giroux            Alexander Steen          40     1   2  2  

Penalty Kill 4 Players Defense
   Defense                  Defense                  Time % Phy DF OF 
 1 Shea Weber               Brent Burns              60     1   2  2  
 2 Luke Schenn              Shayne Gostisbehere      40     1   2  2  

Penalty Kill - 3 Players Forward 
   Forward                                           Time % Phy DF OF 
 1 Vladimir Tarasenko                                60     1   2  2  
 2 Patrice Bergeron                                  40     1   2  2  

Penalty Kill - 3 Players Defense
   Defense                  Defense                  Time % Phy DF OF 
 1 Shea Weber               Brent Burns              60     1   2  2  
 2 Luke Schenn              Shayne Gostisbehere      40     1   2  2  

4 vs 4 Forward 
   Center                   Wing                     Time % Phy DF OF 
 1 Vladimir Tarasenko       Patrice Bergeron         60     1   2  2  
 2 Claude Giroux            Alexander Steen          40     1   2  2  

4 vs 4 Defense
   Defense                  Defense                  Time % Phy DF OF 
 1 Shea Weber               Brent Burns              60     1   2  2  
 2 Luke Schenn              Shayne Gostisbehere      40     1   2  2  

Last Minutes Offensive
   Center                   Left Wing                Right Wing               Defense                  Defense                  
   Patrice Bergeron         Alexander Steen          Vladimir Tarasenko       Shea Weber               Brent Burns              

Last Minutes Defensive
   Center                   Left Wing                Right Wing               Defense                  Defense                  
   Patrice Bergeron         Alexander Steen          Vladimir Tarasenko       Shea Weber               Brent Burns              

Goaltenders
Starting : Sergei Bobrovsky         
Backup : Thomas Greiss            

Extra Forwards
Normal : Michael Cammalleri, Antoine Roussel, Torrey Mitchell - PP : Michael Cammalleri, Antoine Roussel - PK : Torrey Mitchell
Extra Defensemen
Normal : Paul Martin, Thomas Hickey, Luke Schenn - PP : Paul Martin - PK : Thomas Hickey, Luke Schenn
Penalty Shots
Vladimir Tarasenko, Patrice Bergeron, Claude Giroux, Alexander Steen, Zach Parise

Scratches
None


% Time on Ice - VEGAS

Lines # - Real PCT - Wanted PCT - Time Play
Normal Forward
1 - 34% - 35% - 14:12
2 - 27% - 30% - 11:11
3 - 33% - 25% - 13:41
4 - 6% - 10% - 2:30
Normal Defense
1 - 29% - 35% - 11:57
2 - 30% - 30% - 12:32
3 - 33% - 25% - 13:52
4 - 8% - 10% - 3:13
PP Forward
1 - 46% - 60% - 3:50
2 - 54% - 40% - 4:31
PP Defense
1 - 52% - 60% - 4:19
2 - 48% - 40% - 4:02
PK Forward
1 - 77% - 60% - 6:14
2 - 23% - 40% - 1:52
PK Defense
1 - 56% - 60% - 4:32
2 - 44% - 40% - 3:34
PK3 Forward
1 - 0% - 60%
2 - 0% - 40%
PK3 Defense
1 - 0% - 60%
2 - 0% - 40%
44 Forward
1 - 59% - 60% - 1:10
2 - 41% - 40% - 0:49
44 Defense
1 - 59% - 60% - 1:10
2 - 41% - 40% - 0:49
Last Minute Offensive  - 0:00
Last Minute Defensive  - 0:00
Total
Forward - 60:00
Defense - 60:00

% Time on Ice - CAROLINA

Lines # - Real PCT - Wanted PCT - Time Play
Normal Forward
1 - 33% - 35% - 13:38
2 - 32% - 30% - 13:26
3 - 28% - 25% - 11:26
4 - 7% - 10% - 3:04
Normal Defense
1 - 35% - 35% - 14:39
2 - 31% - 30% - 12:42
3 - 32% - 25% - 13:29
4 - 2% - 10% - 0:44
PP Forward
1 - 64% - 60% - 5:10
2 - 36% - 40% - 2:56
PP Defense
1 - 69% - 60% - 5:35
2 - 31% - 40% - 2:31
PK Forward
1 - 72% - 60% - 6:03
2 - 28% - 40% - 2:18
PK Defense
1 - 52% - 60% - 4:21
2 - 48% - 40% - 4:00
PK3 Forward
1 - 0% - 60%
2 - 0% - 40%
PK3 Defense
1 - 0% - 60%
2 - 0% - 40%
44 Forward
1 - 100% - 60% - 1:59
2 - 0% - 40% - 0:00
44 Defense
1 - 62% - 60% - 1:14
2 - 38% - 40% - 0:45
Last Minute Offensive  - 0:00
Last Minute Defensive  - 0:00
Total
Forward - 60:00
Defense - 60:00

Play-by-Play

1st period


0:01 of 1st period - Patrice Bergeron wins face-off versus Boone Jenner in neutral zone.
1:14 of 1st period - Shot by Michael Grabner.
1:14 of 1st period - Stopped by Tristan Jarry without a rebound.
1:15 of 1st period - Brendan Gallagher wins face-off versus Michael Cammalleri in VEGAS zone.
1:15 of 1st period - Brendan Gallagher is hit by Scottie Upshall.
1:18 of 1st period - Jason Zucker is hit by Antoine Roussel and loses puck.
1:42 of 1st period - Shot by Antoine Roussel.
1:42 of 1st period - Stopped by Tristan Jarry without a rebound.
1:43 of 1st period - Torrey Mitchell wins face-off versus Craig Smith in VEGAS zone.
1:43 of 1st period - Torrey Mitchell is hit by Brian Campbell.
1:55 of 1st period - Icing by Shayne Gostisbehere.
1:56 of 1st period - Andrew Cogliano wins face-off versus Torrey Mitchell in CAROLINA zone.
2:49 of 1st period - Off-side.
2:50 of 1st period - Michael Cammalleri wins face-off versus Tyler Ennis in neutral zone.
3:06 of 1st period - Icing by Antoine Roussel.
3:07 of 1st period - Michael Cammalleri wins face-off versus Jordan Martinook in CAROLINA zone.
3:37 of 1st period - Icing by Scottie Upshall.
3:38 of 1st period - Michael Cammalleri wins face-off versus Tyler Ennis in CAROLINA zone.
4:10 of 1st period - Shot by Brendan Gallagher.
4:10 of 1st period - Deflect By Jason Zucker.
4:10 of 1st period - Goal by Jason Zucker - VEGAS : 1 - CAROLINA : 0.
4:11 of 1st period - Andrew Cogliano wins face-off versus Claude Giroux in neutral zone.
4:16 of 1st period - Shot by Andrew Cogliano.
4:16 of 1st period - Goal by Andrew Cogliano - VEGAS : 2 - CAROLINA : 0.
4:17 of 1st period - Alexander Steen wins face-off versus Craig Smith in neutral zone.
4:50 of 1st period - Andrew Cogliano is hit by Brent Burns and loses puck.
4:58 of 1st period - Minor Penalty to Shea Weber for Hooking.
4:59 of 1st period - Boone Jenner wins face-off versus Vladimir Tarasenko in CAROLINA zone.
5:00 of 1st period - Shot by Nikita Zadorov.
5:00 of 1st period - Stopped by Sergei Bobrovsky without a rebound.
5:01 of 1st period - Vladimir Tarasenko wins face-off versus Boone Jenner in CAROLINA zone.
5:20 of 1st period - Shot by Boone Jenner.
5:20 of 1st period - Shot Blocked by Patrice Bergeron.
5:22 of 1st period - Shot by Brian Campbell.
5:22 of 1st period - Stopped by Sergei Bobrovsky without a rebound.
5:23 of 1st period - Craig Smith wins face-off versus Claude Giroux in CAROLINA zone.
5:24 of 1st period - Shot by Alex Goligoski.
5:24 of 1st period - The goal is going for a video replay.
5:24 of 1st period - The goal is good.
5:24 of 1st period - Goal by Alex Goligoski - VEGAS : 3 - CAROLINA : 0.
5:25 of 1st period - Claude Giroux wins face-off versus Craig Smith in neutral zone.
5:55 of 1st period - Icing by Marco Scandella.
5:56 of 1st period - Patrice Bergeron wins face-off versus Craig Smith in VEGAS zone.
6:01 of 1st period - Shot by Vladimir Tarasenko.
6:01 of 1st period - Shot Misses the Net.
6:16 of 1st period - Tomas Tatar is hit by Luke Schenn and loses puck.
6:24 of 1st period - Icing by Vladimir Tarasenko.
6:25 of 1st period - Boone Jenner wins face-off versus Patrice Bergeron in CAROLINA zone.
6:30 of 1st period - Shot by Brock Nelson.
6:30 of 1st period - Stopped by Sergei Bobrovsky without a rebound.
6:31 of 1st period - Claude Giroux wins face-off versus Boone Jenner in CAROLINA zone.
6:31 of 1st period - Claude Giroux is hit by Boone Jenner.
7:34 of 1st period - Vladimir Tarasenko is hit by Alex Goligoski.
7:47 of 1st period - Minor Penalty to Luke Schenn for Goalie Interference.
7:48 of 1st period - Craig Smith wins face-off versus Vladimir Tarasenko in CAROLINA zone.
7:58 of 1st period - Shot by Andrew Cogliano.
7:58 of 1st period - Stopped by Sergei Bobrovsky with a rebound.
8:00 of 1st period - Shot by Andy Greene.
8:00 of 1st period - Stopped by Sergei Bobrovsky with a rebound.
8:08 of 1st period - Shot by Tomas Tatar.
8:08 of 1st period - Shot Misses the Net.
8:10 of 1st period - Shot by Alex Goligoski.
8:10 of 1st period - Stopped by Sergei Bobrovsky without a rebound.
8:11 of 1st period - Tomas Tatar wins face-off versus Vladimir Tarasenko in CAROLINA zone.
8:12 of 1st period - Shot by Alex Goligoski.
8:12 of 1st period - Shot Blocked by Shea Weber.
8:14 of 1st period - Shot by Alex Goligoski.
8:14 of 1st period - Stopped by Sergei Bobrovsky without a rebound.
8:15 of 1st period - Vladimir Tarasenko wins face-off versus Boone Jenner in CAROLINA zone.
8:24 of 1st period - Alexander Steen is hit by Boone Jenner and loses puck.
8:35 of 1st period - Shot by Boone Jenner.
8:35 of 1st period - Shot Blocked by Thomas Hickey.
8:40 of 1st period - Shot by Andy Greene.
8:40 of 1st period - Stopped by Sergei Bobrovsky without a rebound.
8:41 of 1st period - Craig Smith wins face-off versus Vladimir Tarasenko in CAROLINA zone.
8:42 of 1st period - Shot by Tomas Tatar.
8:42 of 1st period - Stopped by Sergei Bobrovsky without a rebound.
8:43 of 1st period - Craig Smith wins face-off versus Vladimir Tarasenko in CAROLINA zone.
8:43 of 1st period - Craig Smith is hit by Shea Weber.
9:15 of 1st period - Shot by Andrew Cogliano.
9:15 of 1st period - Shot Blocked by Claude Giroux.
9:35 of 1st period - Shot by Alex Goligoski.
9:35 of 1st period - Shot Misses the Net.
9:43 of 1st period - Shot by Alex Goligoski.
9:43 of 1st period - Stopped by Sergei Bobrovsky with a rebound.
9:45 of 1st period - Shot by Alex Goligoski.
9:45 of 1st period - Shot Misses the Net.
9:48 of 1st period - Double Minor Penalty to Brendan Gallagher for Roughing.
9:49 of 1st period - Boone Jenner wins face-off versus Patrice Bergeron in VEGAS zone.
9:58 of 1st period - Shot by Vladimir Tarasenko.
9:58 of 1st period - Goal by Vladimir Tarasenko - VEGAS : 3 - CAROLINA : 1.
9:59 of 1st period - Claude Giroux wins face-off versus Boone Jenner in neutral zone.
10:25 of 1st period - Claude Giroux is hit by Nikita Zadorov and loses puck.
10:40 of 1st period - Shot by Brent Burns.
10:40 of 1st period - Shot Hit the Post.
11:30 of 1st period - Shot by Vladimir Tarasenko.
11:30 of 1st period - Shot Misses the Net.
11:51 of 1st period - Icing by Shea Weber.
11:52 of 1st period - Boone Jenner wins face-off versus Michael Cammalleri in CAROLINA zone.
13:16 of 1st period - Shot by Michael Cammalleri.
13:16 of 1st period - Shot Misses the Net.
13:18 of 1st period - Shot by Antoine Roussel.
13:18 of 1st period - Stopped by Tristan Jarry without a rebound.
13:19 of 1st period - Craig Smith wins face-off versus Patrice Bergeron in VEGAS zone.
13:31 of 1st period - Alexander Steen is hit by Alex Goligoski and loses puck.
15:28 of 1st period - Icing by Paul Martin.
15:29 of 1st period - Michael Cammalleri wins face-off versus Boone Jenner in CAROLINA zone.
15:29 of 1st period - Michael Cammalleri is hit by Boone Jenner.
15:32 of 1st period - Icing by Scottie Upshall.
15:33 of 1st period - Antoine Roussel wins face-off versus Boone Jenner in CAROLINA zone.
15:49 of 1st period - Boone Jenner is hit by Antoine Roussel and loses puck.
15:53 of 1st period - Icing by Trevor van Riemsdyk.
15:54 of 1st period - Patrice Bergeron wins face-off versus Boone Jenner in VEGAS zone.
15:54 of 1st period - Patrice Bergeron is hit by Marco Scandella.
15:55 of 1st period - Minor Penalty to Patrice Bergeron for Interference.
15:55 of 1st period - Minor Penalty to Trevor van Riemsdyk for Slashing.
15:56 of 1st period - Vladimir Tarasenko wins face-off versus Brendan Gallagher in VEGAS zone.
16:05 of 1st period - Shot by Vladimir Tarasenko.
16:05 of 1st period - Stopped by Tristan Jarry without a rebound.
16:06 of 1st period - Brendan Gallagher wins face-off versus Vladimir Tarasenko in VEGAS zone.
17:18 of 1st period - Shot by Tomas Tatar.
17:18 of 1st period - Deflect By Brock Nelson.
17:18 of 1st period - Shot Misses the Net.
17:47 of 1st period - Tomas Tatar is hit by Shea Weber and loses puck.
17:58 of 1st period - Shot by Claude Giroux.
17:58 of 1st period - Stopped by Tristan Jarry with a rebound.
18:05 of 1st period - Off-side.
18:06 of 1st period - Boone Jenner wins face-off versus Claude Giroux in neutral zone.
18:09 of 1st period - Paul Martin is hit by Boone Jenner and loses puck.
18:15 of 1st period - Minor Penalty to Boone Jenner for Tripping.
18:16 of 1st period - Patrice Bergeron wins face-off versus Jason Zucker in VEGAS zone.
18:19 of 1st period - Shot by Patrice Bergeron.
18:19 of 1st period - Shot Hit the Post.
19:54 of 1st period - Shot by Zach Parise.
19:54 of 1st period - Stopped by Tristan Jarry without a rebound.
19:55 of 1st period - Claude Giroux wins face-off versus Tyler Ennis in VEGAS zone.
Goals for this period are 3 for VEGAS vs 1 for CAROLINA.
Shots for this period are 13 for VEGAS vs 7 for CAROLINA.

2nd period


0:01 of 2nd period - Vladimir Tarasenko wins face-off versus Jason Zucker in neutral zone.
0:14 of 2nd period - Brian Campbell is hit by Patrice Bergeron and loses puck.
0:20 of 2nd period - Michael Grabner is hit by Marco Scandella and loses puck.
0:54 of 2nd period - Claude Giroux is hit by Trevor van Riemsdyk and loses puck.
1:38 of 2nd period - Vladimir Tarasenko is hit by Trevor van Riemsdyk.
1:42 of 2nd period - Shot by Patrice Bergeron.
1:42 of 2nd period - Shot Misses the Net.
2:34 of 2nd period - Shot by Thomas Hickey.
2:34 of 2nd period - Stopped by Tristan Jarry with a rebound.
2:39 of 2nd period - Andrew Cogliano is hit by Paul Martin and loses puck.
3:01 of 2nd period - Off-side.
3:02 of 2nd period - Tyler Ennis wins face-off versus Zach Parise in neutral zone.
3:05 of 2nd period - Shayne Gostisbehere is hit by Brendan Gallagher and loses puck.
3:14 of 2nd period - Shot by Claude Giroux.
3:14 of 2nd period - Stopped by Tristan Jarry with a rebound.
3:16 of 2nd period - Shot by Claude Giroux.
3:16 of 2nd period - Shot Misses the Net.
3:18 of 2nd period - Shot by Zach Parise.
3:18 of 2nd period - Shot Blocked by Nikita Zadorov.
3:20 of 2nd period - Shot by Claude Giroux.
3:20 of 2nd period - Stopped by Tristan Jarry with a rebound.
3:38 of 2nd period - Shot by Claude Giroux.
3:38 of 2nd period - Shot Misses the Net.
3:40 of 2nd period - Shot by Zach Parise.
3:40 of 2nd period - Deflect By Michael Grabner.
3:40 of 2nd period - Stopped by Tristan Jarry without a rebound.
3:41 of 2nd period - Patrice Bergeron wins face-off versus Andrew Cogliano in VEGAS zone.
3:50 of 2nd period - Shot by Vladimir Tarasenko.
3:50 of 2nd period - Stopped by Tristan Jarry without a rebound.
3:51 of 2nd period - Craig Smith wins face-off versus Patrice Bergeron in VEGAS zone.
3:56 of 2nd period - Shot by Andrew Cogliano.
3:56 of 2nd period - Shot Misses the Net.
4:00 of 2nd period - Shot by Tomas Tatar.
4:00 of 2nd period - Stopped by Sergei Bobrovsky with a rebound.
4:10 of 2nd period - Shot by Tomas Tatar.
4:10 of 2nd period - Shot Blocked by Shea Weber.
4:58 of 2nd period - Shot by Jason Zucker.
4:58 of 2nd period - Stopped by Sergei Bobrovsky without a rebound.
4:59 of 2nd period - Michael Grabner wins face-off versus Boone Jenner in CAROLINA zone.
5:26 of 2nd period - Shot by Brock Nelson.
5:26 of 2nd period - Shot Blocked by Shayne Gostisbehere.
5:28 of 2nd period - Shot by Boone Jenner.
5:28 of 2nd period - Shot Misses the Net.
5:30 of 2nd period - Shot by Marco Scandella.
5:30 of 2nd period - Goal by Marco Scandella - VEGAS : 4 - CAROLINA : 1.
5:31 of 2nd period - Tyler Ennis wins face-off versus Michael Cammalleri in neutral zone.
6:24 of 2nd period - Andrew Cogliano is hit by Scottie Upshall and loses puck.
6:38 of 2nd period - Minor Penalty to Shea Weber for Hooking.
6:39 of 2nd period - Boone Jenner wins face-off versus Vladimir Tarasenko in CAROLINA zone.
8:08 of 2nd period - Brian Campbell is hit by Claude Giroux.
8:41 of 2nd period - Shot by Brendan Gallagher.
8:41 of 2nd period - Stopped by Sergei Bobrovsky with a rebound.
8:53 of 2nd period - Shot by Tyler Ennis.
8:53 of 2nd period - Shot Misses the Net.
8:59 of 2nd period - Shot by Jason Zucker.
8:59 of 2nd period - Shot Blocked by Thomas Hickey.
9:36 of 2nd period - Shot by Boone Jenner.
9:36 of 2nd period - Shot Blocked by Paul Martin.
9:38 of 2nd period - Shot by Alex Goligoski.
9:38 of 2nd period - Shot Misses the Net.
9:40 of 2nd period - Shot by Jordan Martinook.
9:40 of 2nd period - Shot Misses the Net.
10:04 of 2nd period - Shot by Boone Jenner.
10:04 of 2nd period - Goal by Boone Jenner - VEGAS : 5 - CAROLINA : 1.
10:05 of 2nd period - Patrice Bergeron wins face-off versus Andrew Cogliano in neutral zone.
10:58 of 2nd period - Shot by Jason Zucker.
10:58 of 2nd period - Shot Blocked by Patrice Bergeron.
11:00 of 2nd period - Shot by Brendan Gallagher.
11:00 of 2nd period - Shot Hit the Post.
11:02 of 2nd period - Shot by Marco Scandella.
11:02 of 2nd period - Stopped by Sergei Bobrovsky without a rebound.
11:03 of 2nd period - Claude Giroux wins face-off versus Boone Jenner in CAROLINA zone.
11:03 of 2nd period - Claude Giroux is hit by Boone Jenner.
12:19 of 2nd period - Shot by Jason Zucker.
12:19 of 2nd period - Shot Blocked by Blake Comeau.
12:34 of 2nd period - Icing by Trevor van Riemsdyk.
12:35 of 2nd period - Tyler Ennis wins face-off versus Alexander Steen in VEGAS zone.
12:35 of 2nd period - Tyler Ennis is hit by Patrice Bergeron.
12:49 of 2nd period - Shot by Brendan Gallagher.
12:49 of 2nd period - Stopped by Sergei Bobrovsky with a rebound.
12:51 of 2nd period - Shot by Tyler Ennis.
12:51 of 2nd period - Shot Blocked by Alexander Steen.
13:01 of 2nd period - Shot by Brendan Gallagher.
13:01 of 2nd period - Stopped by Sergei Bobrovsky without a rebound.
13:01 of 2nd period - Minor Penalty to Thomas Hickey for Roughing.
13:02 of 2nd period - Craig Smith wins face-off versus Vladimir Tarasenko in CAROLINA zone.
13:39 of 2nd period - Shot by Alex Goligoski.
13:39 of 2nd period - Shot Blocked by Shea Weber.
14:59 of 2nd period - Shot by Alex Goligoski.
14:59 of 2nd period - Goal by Alex Goligoski - VEGAS : 6 - CAROLINA : 1.
15:00 of 2nd period - Brendan Gallagher wins face-off versus Claude Giroux in neutral zone.
16:11 of 2nd period - Mikkel Boedker is hit by Antoine Roussel and loses puck.
16:51 of 2nd period - Shot by Vladimir Tarasenko.
16:51 of 2nd period - Stopped by Tristan Jarry with a rebound.
16:53 of 2nd period - Shot by Shea Weber.
16:53 of 2nd period - Stopped by Tristan Jarry with a rebound.
16:55 of 2nd period - Shot by Alexander Steen.
16:55 of 2nd period - Stopped by Tristan Jarry without a rebound.
16:56 of 2nd period - Boone Jenner wins face-off versus Torrey Mitchell in VEGAS zone.
17:15 of 2nd period - Icing by Brent Burns.
17:16 of 2nd period - Torrey Mitchell wins face-off versus Boone Jenner in CAROLINA zone.
17:35 of 2nd period - Icing by Alex Goligoski.
17:36 of 2nd period - Patrice Bergeron wins face-off versus Boone Jenner in VEGAS zone.
17:59 of 2nd period - Shot by Alexander Steen.
17:59 of 2nd period - Stopped by Tristan Jarry without a rebound.
18:00 of 2nd period - Claude Giroux wins face-off versus Craig Smith in VEGAS zone.
18:07 of 2nd period - Shot by Zach Parise.
18:07 of 2nd period - Stopped by Tristan Jarry without a rebound.
18:08 of 2nd period - Patrice Bergeron wins face-off versus Craig Smith in VEGAS zone.
18:12 of 2nd period - Icing by Nikita Zadorov.
18:13 of 2nd period - Patrice Bergeron wins face-off versus Andrew Cogliano in VEGAS zone.
18:13 of 2nd period - Alexander Steen is hit by Nikita Zadorov and loses puck.
19:36 of 2nd period - Shot by Jordan Martinook.
19:36 of 2nd period - Shot Blocked by Shayne Gostisbehere.
19:41 of 2nd period - Brock Nelson is hit by Luke Schenn and loses puck.
Goals for this period are 3 for VEGAS vs 0 for CAROLINA.
Shots for this period are 9 for VEGAS vs 10 for CAROLINA.

3rd period


0:01 of 3rd period - Craig Smith wins face-off versus Patrice Bergeron in neutral zone.
0:33 of 3rd period - Shot by Andrew Cogliano.
0:33 of 3rd period - Stopped by Sergei Bobrovsky without a rebound.
0:34 of 3rd period - Claude Giroux wins face-off versus Boone Jenner in CAROLINA zone.
1:05 of 3rd period - Minor Penalty to Boone Jenner for Hooking.
1:06 of 3rd period - Patrice Bergeron wins face-off versus Jason Zucker in VEGAS zone.
1:32 of 3rd period - Icing by Alexander Steen.
1:33 of 3rd period - Patrice Bergeron wins face-off versus Jason Zucker in CAROLINA zone.
1:37 of 3rd period - Patrice Bergeron is hit by Andrew Cogliano and loses puck.
2:04 of 3rd period - Shot by Alexander Steen.
2:04 of 3rd period - Shot Misses the Net.
2:34 of 3rd period - Shot by Luke Schenn.
2:34 of 3rd period - Stopped by Tristan Jarry without a rebound.
2:35 of 3rd period - Claude Giroux wins face-off versus Tomas Tatar in VEGAS zone.
2:46 of 3rd period - Shot by Michael Grabner.
2:46 of 3rd period - Stopped by Tristan Jarry without a rebound.
2:47 of 3rd period - Brock Nelson wins face-off versus Patrice Bergeron in VEGAS zone.
3:22 of 3rd period - Michael Cammalleri is hit by Boone Jenner.
3:44 of 3rd period - Shot by Michael Cammalleri.
3:44 of 3rd period - Deflect By Antoine Roussel.
3:44 of 3rd period - Shot Misses the Net.
3:47 of 3rd period - Michael Cammalleri is hit by Trevor van Riemsdyk and loses puck.
4:07 of 3rd period - Off-side.
4:08 of 3rd period - Patrice Bergeron wins face-off versus Craig Smith in neutral zone.
4:47 of 3rd period - Alex Goligoski is hit by Alexander Steen and loses puck.
4:53 of 3rd period - Icing by Alex Goligoski.
4:54 of 3rd period - Claude Giroux wins face-off versus Craig Smith in VEGAS zone.
5:01 of 3rd period - Shayne Gostisbehere is hit by Andrew Cogliano and loses puck.
5:20 of 3rd period - Michael Grabner is hit by Brendan Gallagher and loses puck.
5:25 of 3rd period - Shot by Nikita Zadorov.
5:25 of 3rd period - Shot Misses the Net.
5:27 of 3rd period - Shot by Brendan Gallagher.
5:27 of 3rd period - Shot Misses the Net.
5:29 of 3rd period - Shot by Brian Campbell.
5:29 of 3rd period - Shot Misses the Net.
6:18 of 3rd period - Icing by Boone Jenner.
6:19 of 3rd period - Boone Jenner wins face-off versus Michael Cammalleri in VEGAS zone.
6:48 of 3rd period - Shot by Paul Martin.
6:48 of 3rd period - Shot Blocked by Brock Nelson.
7:40 of 3rd period - Shot by Vladimir Tarasenko.
7:40 of 3rd period - Deflect By Patrice Bergeron.
7:40 of 3rd period - Shot Misses the Net.
7:44 of 3rd period - Shot by Patrice Bergeron.
7:44 of 3rd period - Shot Blocked by Andy Greene.
7:46 of 3rd period - Shot by Shea Weber.
7:46 of 3rd period - Shot Misses the Net.
7:48 of 3rd period - Shot by Patrice Bergeron.
7:48 of 3rd period - Stopped by Tristan Jarry without a rebound.
7:49 of 3rd period - Claude Giroux wins face-off versus Tyler Ennis in VEGAS zone.
8:23 of 3rd period - Shot by Tyler Ennis.
8:23 of 3rd period - Stopped by Sergei Bobrovsky with a rebound.
9:37 of 3rd period - Shot by Alexander Steen.
9:37 of 3rd period - Stopped by Tristan Jarry with a rebound.
9:46 of 3rd period - Minor Penalty to Alex Goligoski for Holding.
9:47 of 3rd period - Claude Giroux wins face-off versus Boone Jenner in VEGAS zone.
9:50 of 3rd period - Shot by Shea Weber.
9:50 of 3rd period - Shot Misses the Net.
9:52 of 3rd period - Shot by Shea Weber.
9:52 of 3rd period - Deflect By Zach Parise.
9:52 of 3rd period - Shot Misses the Net.
9:54 of 3rd period - Shot by Brent Burns.
9:54 of 3rd period - Shot Misses the Net.
9:56 of 3rd period - Shot by Claude Giroux.
9:56 of 3rd period - Stopped by Tristan Jarry without a rebound.
9:57 of 3rd period - Patrice Bergeron wins face-off versus Boone Jenner in VEGAS zone.
10:00 of 3rd period - Shot by Alexander Steen.
10:00 of 3rd period - Deflect By Vladimir Tarasenko.
10:00 of 3rd period - Stopped by Tristan Jarry without a rebound.
10:01 of 3rd period - Patrice Bergeron wins face-off versus Boone Jenner in VEGAS zone.
10:04 of 3rd period - Shot by Patrice Bergeron.
10:04 of 3rd period - Stopped by Tristan Jarry with a rebound.
10:22 of 3rd period - Shot by Vladimir Tarasenko.
10:22 of 3rd period - Stopped by Tristan Jarry without a rebound.
10:23 of 3rd period - Claude Giroux wins face-off versus Brock Nelson in VEGAS zone.
10:57 of 3rd period - Shot by Brock Nelson.
10:57 of 3rd period - Stopped by Sergei Bobrovsky without a rebound.
10:58 of 3rd period - Brock Nelson wins face-off versus Patrice Bergeron in CAROLINA zone.
11:08 of 3rd period - Off-side.
11:09 of 3rd period - Boone Jenner wins face-off versus Vladimir Tarasenko in neutral zone.
11:40 of 3rd period - Shot by Patrice Bergeron.
11:40 of 3rd period - Stopped by Tristan Jarry without a rebound.
11:41 of 3rd period - Claude Giroux wins face-off versus Brock Nelson in VEGAS zone.
11:42 of 3rd period - Shot by Michael Grabner.
11:42 of 3rd period - Stopped by Tristan Jarry with a rebound.
11:44 of 3rd period - Shot by Michael Grabner.
11:44 of 3rd period - Shot Blocked by Nikita Zadorov.
12:56 of 3rd period - Shea Weber is hit by Boone Jenner and loses puck.
13:05 of 3rd period - Shot by Vladimir Tarasenko.
13:05 of 3rd period - Stopped by Tristan Jarry without a rebound.
13:06 of 3rd period - Craig Smith wins face-off versus Claude Giroux in VEGAS zone.
13:06 of 3rd period - Craig Smith is hit by Zach Parise.
13:40 of 3rd period - Shot by Andrew Cogliano.
13:40 of 3rd period - Stopped by Sergei Bobrovsky without a rebound.
13:41 of 3rd period - Boone Jenner wins face-off versus Patrice Bergeron in CAROLINA zone.
14:21 of 3rd period - Shot by Shea Weber.
14:21 of 3rd period - Stopped by Tristan Jarry without a rebound.
14:22 of 3rd period - Claude Giroux wins face-off versus Tyler Ennis in VEGAS zone.
14:35 of 3rd period - Shot by Zach Parise.
14:35 of 3rd period - Shot Blocked by Brian Campbell.
14:45 of 3rd period - Shot by Jason Zucker.
14:45 of 3rd period - Stopped by Sergei Bobrovsky with a rebound.
14:53 of 3rd period - Shot by Jason Zucker.
14:53 of 3rd period - Stopped by Sergei Bobrovsky without a rebound.
14:54 of 3rd period - Michael Cammalleri wins face-off versus Craig Smith in CAROLINA zone.
15:51 of 3rd period - Off-side.
15:52 of 3rd period - Claude Giroux wins face-off versus Boone Jenner in neutral zone.
16:12 of 3rd period - Icing by Luke Schenn.
16:13 of 3rd period - Claude Giroux wins face-off versus Tyler Ennis in CAROLINA zone.
16:13 of 3rd period - Claude Giroux is hit by Brendan Gallagher.
16:30 of 3rd period - Icing by Nikita Zadorov.
16:31 of 3rd period - Tyler Ennis wins face-off versus Vladimir Tarasenko in VEGAS zone.
16:59 of 3rd period - Minor Penalty to Patrice Bergeron for Hooking.
17:00 of 3rd period - Torrey Mitchell wins face-off versus Boone Jenner in CAROLINA zone.
17:20 of 3rd period - Shot by Andy Greene.
17:20 of 3rd period - Shot Misses the Net.
17:22 of 3rd period - Shot by Boone Jenner.
17:22 of 3rd period - Deflect By Jordan Martinook.
17:22 of 3rd period - Shot Blocked by Shayne Gostisbehere.
18:49 of 3rd period - Shot by Boone Jenner.
18:49 of 3rd period - Shot Blocked by Shayne Gostisbehere.
18:51 of 3rd period - Shot by Andy Greene.
18:51 of 3rd period - Stopped by Sergei Bobrovsky with a rebound.
18:53 of 3rd period - Shot by Alex Goligoski.
18:53 of 3rd period - Shot Blocked by Luke Schenn.
18:55 of 3rd period - Shot by Andy Greene.
18:55 of 3rd period - Stopped by Sergei Bobrovsky without a rebound.
18:56 of 3rd period - Torrey Mitchell wins face-off versus Craig Smith in CAROLINA zone.
19:07 of 3rd period - Shot by Tyler Ennis.
19:07 of 3rd period - Shot Misses the Net.
19:09 of 3rd period - Shot by Brendan Gallagher.
19:09 of 3rd period - Shot Misses the Net.
19:11 of 3rd period - Shot by Jason Zucker.
19:11 of 3rd period - Shot Misses the Net.
Goals for this period are 0 for VEGAS vs 0 for CAROLINA.
Shots for this period are 8 for VEGAS vs 12 for CAROLINA.